 Dungeon Crawl Stone Soup version 0.23-a0-550-g7de1f8e (console) character file.

16 Duffy the Firebug (level 2, 15/15 HPs)
             Began as a Deep Elf Fire Elementalist on Dec 8, 2018.
             Quit the game on level 1 of the Dungeon.
             The game lasted 00:00:40 (549 turns).

Duffy the Firebug (Deep Elf Fire Elementalist)       Turns: 549, Time: 00:00:41

Health: 15/15      AC:  2    Str:  5    XL:     2   Next: 37%
Magic:  8/8        EV: 13    Int: 19    God:
Gold:   36         SH:  0    Dex: 15    Spells: 6/7 levels left

rFire    . . .     SeeInvis .   d - +0 short sword (drain)
rCold    . . .     Gourm    .   (no shield)
rNeg     . . .     Faith    .   a - +0 robe
rPois    .         Spirit   .   (no helmet)
rElec    .         Reflect  .   (no cloak)
rCorr    +         Harm     .   (no gloves)
MR       .....                  (no boots)
Stlth    ++........             (no amulet)
HPRegen  0.05/turn              g - ring of resist corrosion
MPRegen  0.11/turn              (no ring)

@: no status effects
A: no striking features
a: no special abilities


You were on level 1 of the Dungeon.
You were not hungry.

You visited 1 branch of the dungeon, and saw 1 of its levels.

You collected 36 gold pieces.

Inventory:

Hand Weapons
 d - a +0 short sword of draining (weapon)
Armour
 a - a +0 robe (worn)
Jewellery
 g - a ring of resist corrosion (left hand)
Scrolls
 e - a scroll of remove curse {unknown}
 f - a scroll of noise {unknown}
 h - 3 scrolls of identify {unknown}
Potions
 i - a potion of brilliance {unknown}
Comestibles
 b - 4 chunks of flesh
 c - 5 rations


   Skills:
 - Level 2.4 Dodging
 - Level 2.4 Stealth
 - Level 3.0 Spellcasting
 + Level 2.7 Conjurations
 - Level 3.2 Fire Magic


You had 6 spell levels left.
You knew the following spells:

 Your Spells              Type           Power        Failure   Level  Hunger
h - Flame Tongue          Conj/Fire      ##...        4%          1    None

Your spell library contained the following spells:

 Spells                   Type           Power        Failure   Level  Hunger
 Throw Flame              Conj/Fire      ##....       7%          2    ##.....
 Conjure Flame            Conj/Fire      ##......     13%         3    ###....
 Inner Flame              Hex/Fire       #.......     24%         3    ###....
 Sticky Flame             Conj/Fire      ##......     41%         4    ####...
 Fireball                 Conj/Fire      ##........   77%         5    ######.


Dungeon Overview and Level Annotations

Branches:
Dungeon (1/15)

Altars:


Message History

Found a viscous white potion.
Casting: Flame Tongue (safe; 4% risk of failure)
Confirm with . or Enter, or press ? or * to list all spells.
You can't see any susceptible monsters within range! (Use Z to cast anyway.)
Casting: Flame Tongue (safe; 4% risk of failure)
Confirm with . or Enter, or press ? or * to list all spells.
You can't see any susceptible monsters within range! (Use Z to cast anyway.)
h - 3 scrolls labeled CIHYJA ENTI Some of the chunks of flesh in your inventory have rotted away.
You butcher the bat corpse.
b - 4 chunks of flesh (gained 1)
You see here a bat skeleton. x2
i - a viscous white potion You stumble into a teleport trap!
You are suddenly yanked towards a nearby monster!
Your surroundings suddenly seem different.
Found 27 bolts, a scroll labeled XONEOX AVVUPP and a ration.
A goblin comes into view. It is wielding a +0 club.
A goblin is nearby!
Are you sure you want to abandon this character and quit the game? (Confirm

#......##....##.#
##.....##.#####.#
##########.....##
..#
........##.....#
#####
........##.....#
......
........########
......
......(.######
......
.............#
......
.......@....g#
......
.............#
......
#........?...#
......
#.....%......#
.....
#............#
#............#
#..............
#............##


You could see a goblin (sleeping).

Vanquished Creatures
  A dart slug (D:1)
  2 goblins (D:1)
  3 hobgoblins (D:1)
  A kobold (D:1)
  4 bats (D:1)
  2 rats (D:1)
13 creatures vanquished.

Notes
Turn   | Place    | Note
-------+----------+-------------------------------------------
     0 | D:1      | Duffy the Deep Elf Fire Elementalist began the quest for
                  | the Orb.
     0 | D:1      | Reached XP level 1. HP: 10/10 MP: 6/6
   211 | D:1      | Reached XP level 2. HP: 15/15 MP: 5/8
   549 | D:1      | Quit the game

Vault maps used:
D:1:      dpeg_arrival_line_fractal, minmay_misc_feat_five

Skill      XL: |  1 |
---------------+----+-----
Conjurations   | 2 |  2.7
Dodging        | |  2.4
Stealth        | |  2.4
Spellcasting   | |  3.0
Fire Magic     | |  3.2

Action                   || total
-------------------------++-------
 Cast: Flame Tongue      ||    25
Armor: Robe              ||     1
Dodge: Dodged            ||     7

Table legend:
 A = Non-vault XP
 B = Vault XP
 C = Vault XP percentage of total XP
 D = Non-vault monster count
 E = Vault monster count
 F = Vault count percentage of total count
                 A         B        C        D         E       F
            +---------+---------+-------+---------+---------+-------
      Total |      23 |       0 |   0.0 |      13 |       0 |   0.0
            +---------+---------+-------+---------+---------+-------
        D:1 |      23 |       0 |   0.0 |      13 |       0 |   0.0
            +---------+---------+-------+---------+---------+-------
